 Dungeon Crawl Stone Soup version 0.22.0-38-g04b72b8 (webtiles) character file.

1501 nicolaieve the Basher (level 8, -7/64 HPs)
             Began as a Minotaur Berserker on Aug 27, 2018.
             Was a Priest of Trog.
             Mangled by Prince Ribbit (17 damage)
             ... on level 5 of the Dungeon.
             The game lasted 00:10:45 (2019 turns).

nicolaieve the Basher (Minotaur Berserker)          Turns: 2019, Time: 00:10:45

Health: -7/64      AC:  6    Str: 22    XL:     8   Next: 52%
Magic:  7/7        EV: 10    Int:  4    God:    Trog [***...]
Gold:   135        SH:  0    Dex: 12    Spells: 7/7 levels left

rFire    . . .     SeeInvis .   g - +0 whip
rCold    . . .     Gourm    .   (no shield)
rNeg     . . .     Faith    .   j - +0 scale mail
rPois    .         Spirit   .   (helmet restricted)
rElec    .         Reflect  .   (no cloak)
rCorr    .         Harm     .   (no gloves)
MR       ++...                  (no boots)
Stlth    ..........             (no amulet)
HPRegen  1.20/turn              (no ring)
MPRegen  0.10/turn              (no ring)

@: berserk cooldown, regenerating, slowed, very slow
A: retaliatory headbutt, horns 2
a: Berserk, Trog's Hand, Renounce Religion


You were on level 5 of the Dungeon.
You worshipped Trog.
Trog was most pleased with you.
You were near starving.

You visited 1 branch of the dungeon, and saw 4 of its levels.

You collected 135 gold pieces.

Inventory:

Hand Weapons
 f - a +1 whip of freezing
 g - a +0 whip (weapon)
Armour
 j - a +0 scale mail (worn)
Wands
 b - a wand of flame (42)
 o - a wand of polymorph (11)
 q - a wand of acid (8)
Scrolls
 a - 2 scrolls of remove curse {unknown}
 k - 2 scrolls of random uselessness {unknown}
 l - 3 scrolls of identify {unknown}
 m - a scroll of noise {unknown}
 n - a scroll of fear {unknown}
 r - a scroll of magic mapping {unknown}
Potions
 d - a potion of flight {unknown}
 e - 3 potions of might {unknown}
 h - 2 potions of lignification {unknown}
 i - a potion of agility {unknown}
 p - a potion of curing {unknown}
Comestibles
 c - 3 rations


   Skills:
 - Level 3.6 Fighting
 + Level 12.8 Maces & Flails
 - Level 2.4 Armour
 - Level 2.1 Dodging


You had 7 spell levels left.
You didn't know any spells.
Your spell library was empty.

Dungeon Overview and Level Annotations

Branches:
Dungeon (5/15)
 Temple: D:4-7

Altars:
Cheibriados
Makhleb
Ru

Shops:
D:5 *

Annotations:
D:5 Prince Ribbit


Innate Abilities, Weirdness & Mutations

You reflexively headbutt those who attack you in melee.
You have a pair of horns on your head.


Message History

Prince Ribbit hits you.
* * * LOW HITPOINT WARNING * * *
Prince Ribbit hits you but does no damage.
The freed slave hits you but does no damage.
You barely miss the freed slave.
You headbutt the freed slave, but do no damage.
The freed slave is heavily wounded.
Prince Ribbit hits you but does no damage.
You hit the freed slave.
You headbutt the freed slave, but do no damage.
The freed slave is severely wounded.
The freed slave barely misses you.
Prince Ribbit catches a blue-tailed skink with his tongue.
Prince Ribbit completely misses you. You furiously retaliate!
You headbutt Prince Ribbit! You hit the freed slave.
Your headbutt misses the freed slave.
The freed slave is severely wounded.
The freed slave barely misses you. You furiously retaliate!
You headbutt the freed slave. Prince Ribbit hits you!
You die...

##################
#.........##...>..
#.........##...... ..
#.........##......
...####.....(...##......
....#.........##...... #
#..p....# #.##......
#.## #@# #.###.#.......
#..[##F# #.............
#...[# #####.#.......
..####[[#######...#####.
#.....[.....##....# #.
#..########..#.#.## #. #
##......# ## #..###.# #
#>## #..# ###


You could see Prince Ribbit and a freed slave.

Vanquished Creatures
  Pikel (D:5)
  Sigmund (D:2)
  A water moccasin (D:5)
  Duvessa (D:5)
  2 ice beasts (D:5)
  3 slaves (D:5)
  An ogre (D:5)
  A big kobold (D:3)
  Dowan (D:5)
  Jessica (D:2)
  Natasha (thrice) (D:2)
  A worker ant (D:5)
  3 gnolls (D:2)
  4 adders
  2 shadow imps (D:5)
  An adder zombie (D:2)
  A worm (D:2)
  A leopard gecko (D:1)
  2 giant cockroaches
  6 goblins
  14 hobgoblins
  5 jackals (D:3)
  7 kobolds
  2 quokkas
  5 bats
  2 frilled lizards
  7 rats
79 creatures vanquished.

Notes
Turn   | Place    | Note
-------+----------+-------------------------------------------
     0 | D:1      | nicolaieve the Minotaur Berserker began the quest for the Orb.
     0 | D:1      | Reached XP level 1. HP: 19/19 MP: 0/0
    92 | D:1      | Reached skill level 4 in Maces & Flails
   152 | D:1      | Reached XP level 2. HP: 20/26 MP: 1/1
   373 | D:1      | Reached ** piety under Trog
   373 | D:1      | Reached skill level 5 in Maces & Flails
   576 | D:1      | Reached XP level 3. HP: 31/31 MP: 2/2
   725 | D:2      | Reached skill level 6 in Maces & Flails
   725 | D:2      | Reached XP level 4. HP: 21/39 MP: 3/3
   794 | D:2      | Noticed Sigmund
   800 | D:2      | Killed Sigmund
   800 | D:2      | Reached skill level 7 in Maces & Flails
   800 | D:2      | Reached XP level 5. HP: 43/45 MP: 4/4
   895 | D:2      | Reached skill level 8 in Maces & Flails
   896 | D:2      | Noticed Jessica
   902 | D:2      | Killed Jessica
   902 | D:2      | Reached XP level 6. HP: 51/51 MP: 5/5
   997 | D:2      | Noticed Natasha
  1003 | D:2      | Killed Natasha
  1011 | D:2      | Noticed Natasha
  1013 | D:2      | Killed Natasha
  1043 | D:2      | Noticed Natasha
  1051 | D:2      | Killed Natasha
  1316 | D:2      | Found a burning altar of Makhleb.
  1528 | D:3      | Found a snail-covered altar of Cheibriados.
  1563 | D:3      | Reached *** piety under Trog
  1575 | D:3      | Reached skill level 9 in Maces & Flails
  1687 | D:3      | You fall through a shaft for 2 floors!
  1687 | D:5      | Entered Level 5 of the Dungeon
  1687 | D:5      | Found a sacrificial altar of Ru.
  1752 | D:5      | Noticed an ice beast
  1760 | D:5      | Killed an ice beast
  1760 | D:5      | Reached XP level 7. HP: 57/57 MP: 6/6
  1786 | D:5      | Noticed Dowan
  1787 | D:5      | Noticed Duvessa
  1794 | D:5      | Reached skill level 10 in Maces & Flails
  1815 | D:5      | Killed Duvessa
  1820 | D:5      | Killed Dowan
  1868 | D:5      | Found Axefrop's General Store.
  1879 | D:5      | Reached skill level 11 in Maces & Flails
  1891 | D:5      | Reached XP level 8. HP: 46/64 MP: 7/7
  1977 | D:5      | Noticed Pikel
  1993 | D:5      | Killed Pikel
  1993 | D:5      | Reached skill level 12 in Maces & Flails
  2013 | D:5      | Noticed Prince Ribbit
  2019 | D:5      | Mangled by Prince Ribbit

Skill      XL: |  1  2  3  4  5  6  7  8 |
---------------+-------------------------+-----
Maces & Flails | 4 5 6 7 8 9 11 12 | 12.8
Fighting       | |  3.6
Armour         | |  2.4
Dodging        | |  2.1

Action                   |  1- 3 |  4- 6 |  7- 9 || total
-------------------------+-------+-------+-------++-------
Melee: Mace              |    50 |     1 |       ||    51
       Headbutt          |     8 |    17 |    19 ||    44
       Whip              |       |    91 |    73 ||   164
Invok: Berserk           |     1 |     3 |     3 ||     7
       Trog's Hand       |       |       |     2 ||     2
  Eat: Chunk             |       |     6 |     3 ||     9
Armor: Animal skin       |     7 |       |       ||     7
       Scale mail        |       |    28 |    17 ||    45
Dodge: Dodged            |    30 |    48 |    30 ||   108
